 Dungeon Crawl Stone Soup version 0.27.1-1-g398f81649c (webtiles) character file.

Game seed: 9580691015410055476

6 nxtlvl the Ruffian (level 1, 0/16 HPs)
             Began as a Minotaur Transmuter on Sept 19, 2021.
             Slain by Jessica (5 damage)
             ... on level 2 of the Dungeon.
             The game lasted 00:01:44 (252 turns).

nxtlvl the Ruffian (Minotaur Transmuter)             Turns: 252, Time: 00:01:44

Health: 0/16       AC:  3    Str: 14    XL:     1   Next: 75%
Magic:  1/1        EV: 11    Int: 10    God:
Gold:   31         SH:  0    Dex: 10    Spells: 1/2 levels left

rFire    . . .     SeeInvis .     - Unarmed
rCold    . . .     Faith    .   (no shield)
rNeg     . . .     Spirit   .   c - +0 leather armour
rPois    .         Reflect  .   (helmet restricted)
rElec    .         Harm     .   (no cloak)
rCorr    .         Rampage  .   (no gloves)
Will     .....                  (no boots)
Stlth    +.........             (no amulet)
HPRegen  0.05/turn              (no ring)
MPRegen  0.07/turn              (no ring)

@: no status effects
A: horns 2, retaliatory headbutt
a: no special abilities


You were on level 2 of the Dungeon.
You visited 1 branch of the dungeon, and saw 2 of its levels.

You collected 31 gold pieces.

Inventory:

Armour
 c - a +0 leather armour (worn)
Scrolls
 d - a scroll of identify {unknown}
 e - a scroll of fear {unknown}
 f - a scroll of acquirement {unknown}
Potions
 b - a potion of curing {unknown}


   Skills:
 - Level 1.2 Fighting
 - Level 2.1 Dodging
 * Level 3.8 Unarmed Combat
 - Level 1.3 Spellcasting
 - Level 1.5 Transmutations


You had one spell level left.
You knew the following spells:

 Your Spells              Type           Power      Damage    Failure   Level
a - Beastly Appendage     Tmut           6%         N/A       22%         1

Your spell library contained the following spells:

 Spells                   Type           Power      Damage    Failure   Level
 Wereblood                Tmut           3%         N/A       34%         2
 Static Discharge         Conj/Air       0%         N/A       54%         2
 Spider Form              Tmut/Pois      1%         N/A       67%         3
 Ice Form                 Ice/Tmut       2%         N/A       97%         4
 Lightning Bolt           Conj/Air       0%         1d11      100%        5
 Maxwell's Capacitive Co  Air            0%         ∞         100%        8


Dungeon Overview and Level Annotations

Branches:
Dungeon (2/15)

Altars:

Shops:
D:1 ?:

Annotations:
D:2 Jessica


Innate Abilities, Weirdness & Mutations

You have a pair of horns on your head.
You reflexively headbutt those who attack you in melee.


Message History

The kobold is severely wounded.
You hit the kobold.
You kill the kobold!
Things that are here:
a +0 short sword; 4 stones You open the door.
Your talons disappear.
There is an open door here.
Found a scroll labelled LAASAOC JYMNUDGH.
Found a leather armour.
e - a scroll labelled LAASAOC JYMNUDGH You see here a +0 leather armour.
f - a +0 leather armour You start removing your armour.
You continue taking off your +0 robe. x4
You finish taking off your +0 robe.
You start putting on your armour.
You continue putting on your +0 leather armour. x5
You finish putting on your +0 leather armour.
Adjust (i)tems, (s)pells, or (a)bilities?
f - a +0 leather armour (worn)
Adjust to which letter? (? for menu, Esc to quit)
c - a +0 leather armour (worn);
f - a scroll labelled ECVONGYCEN Drop what? 6/52 slots (_ for help) (? for menu, Esc to quit)
You drop a +0 robe.
Found 15 gold pieces.
Found a stone staircase leading down.
There is a stone staircase leading down here.
Jessica the Apprentice Sorceress comes into view.
She is wielding a +0 dagger.
Jessica shouts!
You see here 15 gold pieces.
You now have 31 gold pieces (gained 15).
You closely miss Jessica. Jessica hits you with a +0 dagger.
You hit Jessica but do no damage.
Jessica shouts, "Stop bothering me, or I'll kill you!"
Jessica hits you with a +0 dagger.
You closely miss Jessica. Your headbutt misses Jessica.
Jessica hits you with a +0 dagger.
You hit Jessica. You headbutt Jessica, but do no damage.
Jessica is moderately wounded.
Jessica hits you with a +0 dagger.
You die...

#.......###.#######.#
#.............# #.#
#.[...###.###.###.#
#.....# #.........#
###.### #####.#####
#.# #.# ##'##
##.##### ##...##
#.>....# ##.....##
#@###..# ##)......#
#.@# .# ###.........#
#...# .#
..'.........+ ......
# ###.........#
#...#.. # ##.......##
#...#.## # ##.....##
#.... # # ##...##
###.## # #+##


You could see Jessica.

Vanquished Creatures
  An endoplasm (D:1)
  A giant cockroach (D:1)
  A hobgoblin (D:1)
  2 kobolds
5 creatures vanquished.

Notes
Turn   | Place    | Note
-------+----------+-------------------------------------------
     0 | D:1      | nxtlvl the Minotaur Transmuter began the quest for the Orb.
     0 | D:1      | Reached XP level 1. HP: 16/16 MP: 1/1
   132 | D:1      | Found Otyale Pisupp's Book Emporium.
   158 | D:1      | Found Moshetaps's Magic Scroll Shop.
   247 | D:2      | Noticed Jessica
   252 | D:2      | Slain by Jessica

Illustrated notes

Levels and vault maps discovered:
D:1:      matt_arrival_spirals, layout_loops_cross, serial_shops, shop, shop,
          nicolae_square_shop, nicolae_shop_stone, minivault_5,
          nrook_loot_triangle
D:2:      layout_loops_corners, ebering_ecumenical_altar_abandoned, uniq_jessica

Action                   || total
-------------------------++-------
Melee: Unarmed           ||    12
       Headbutt          ||     3
       Kick              ||     1
 Cast: Beastly Appendage ||     3
Dodge: Dodged            ||     3
